 Dungeon Sprint DCSS version 0.31-a0-152-g6aa68a64a1 (webtiles) character file.

Game seed: 9090650736139135680

254 Conn the Arsonist (level 6, -5/55 HPs)
             Began as an Octopode Fire Elementalist on June 11, 2023.
             Slain by a neqoxec (8 damage)
             ... in the Dungeon (Sprint II: "The Violet Keep of Menkaure").
             The game lasted 00:00:34 (27 turns).

Conn the Arsonist (Octopode Fire Elementalist)        Turns: 27, Time: 00:00:34

Health: -5/55      AC:  1    Str:  6    XL:     6   Next: 14%
Magic:  5/15       EV: 14    Int: 19    God:
Gold:   0          SH:  0    Dex: 12    Spells: 16/17 levels left

rFire   . . .        (no weapon)
rCold   . . .        (no shield)
rNeg    . . .        (helmet restricted)
rPois   .            (no amulet)
rElec   .            (no ring)
rCorr   .            (no ring)
SInv    .            (no ring)
Will    .....        (no ring) Stlth
                     (no ring)
HPRegen 0.29/turn    (no ring)
MPRegen 0.14/turn    (no ring)
                     (no ring)

%: no teleportation
@: berserking (expiring), hasted, very quick
A: almost no armour, amphibious, 8 rings, camouflage 1, gelatinous body 1,
(nimble swimmer 1), tentacles, weak 1
a: no special abilities


You were in the Dungeon.
You visited 1 branch

Inventory:

Scrolls
 f - a scroll of blinking
Potions
 a - 3 potions of magic
 b - a potion of curing


   Skills:
 + Level 0.4 Fighting
 + Level 4.2 Dodging
 + Level 5.2 Stealth
 * Level 6.2 Spellcasting
 * Level 4.9 Conjurations
 + Level 8.2 Fire Magic


You had 16 spell levels left.
You knew the following spells:

 Your Spells              Type           Power      Damage    Failure   Level
a - Foxfire               Conj/Fire      100%       2x1d9     1%          1

Your spell library contained the following spells:

 Spells                   Type           Power      Damage    Failure   Level
 Scorch                   Fire           74%        2d8       1%          2
 Inner Flame              Hex/Fire       21%        N/A       6%          3
 Volatile Blastmotes      Fire/Tloc      42%        2d13      6%          3
 Flame Wave               Conj/Fire      31%        2d9       8%          4


Dungeon Overview and Level Annotations

Branches:
Dungeon (1/1)

Altars:


Innate Abilities, Weirdness & Mutations

You cannot wear most types of armour.
You are amphibious.
You can wear up to eight rings at the same time.
Your skin changes colour to match your surroundings (Stealth+).
Your rubbery body absorbs attacks. (AC +1, EV +1)
((You are camouflaged when in or above water. (Stealth+)))
You have tentacles for arms and can constrict up to eight enemies at once.
You are weak. (Str -2)


Message History

You tentacle-slap the neqoxec. Your grab misses the neqoxec.
Your squeeze misses the neqoxec.
The neqoxec is lightly wounded.
The neqoxec hits you!
* * * LOW HITPOINT WARNING * * *
You tentacle-slap the neqoxec but do no damage.
You grab the neqoxec.
The neqoxec is lightly wounded.
You constrict the neqoxec, but do no damage.
You tentacle-slap the neqoxec.
The neqoxec is lightly wounded.
You constrict the neqoxec, but do no damage.
The neqoxec gestures at you.
Strange energies course through your body.
You feel weaker.
You bludgeon the neqoxec!
The neqoxec is heavily wounded.
You constrict the neqoxec, but do no damage.
The neqoxec closely misses you.
You tentacle-slap the neqoxec. Your squeeze misses the neqoxec.
The neqoxec is heavily wounded.
You constrict the neqoxec.
You tentacle-slap the neqoxec but do no damage.
The neqoxec is heavily wounded.
You constrict the neqoxec, but do no damage.
The neqoxec hits you.
* * * LOW HITPOINT WARNING * * *
You barely miss the neqoxec.
The neqoxec is heavily wounded.
You constrict the neqoxec, but do no damage.
The neqoxec hits you!
* * * LOW HITPOINT WARNING * * *
You tentacle-slap the neqoxec.
The neqoxec is severely wounded.
You constrict the neqoxec. You tentacle-slap the neqoxec.
The neqoxec is severely wounded.
You constrict the neqoxec, but do no damage.
The neqoxec hits you!
You die...

# # #l #+#
.#
#.##.##..#
#+.<@33#
#.##.##.#
#l #+# .#
#


B#B # .. .. ##. .## ## ## You could see 2 neqoxecs.

Vanquished Creatures
  2 neqoxecs (D)
2 creatures vanquished.

Notes
Turn   | Place    | Note
-------+----------+-------------------------------------------
     0 | D        | Conn the Octopode Fire Elementalist began the quest for the
                  | Orb.
     0 | D        | Reached XP level 1. HP: 11/11 MP: 3/3
     1 | D        | Noticed a wyvern
     1 | D        | Noticed a wyvern
     4 | D        | Noticed a boulder beetle
     4 | D        | Noticed a boulder beetle
     7 | D        | Noticed a neqoxec
     7 | D        | Noticed a neqoxec
     7 | D        | Noticed a neqoxec
     7 | D        | Noticed a neqoxec
    16 | D        | Killed a neqoxec
    17 | D        | Reached skill level 5 in Spellcasting
    17 | D        | Reached skill level 6 in Fire Magic
    17 | D        | Reached XP level 2. HP: 13/18 MP: 4/8
    17 | D        | Reached XP level 3. HP: 16/22 MP: 4/9
    17 | D        | Reached XP level 4. HP: 20/27 MP: 4/11
    17 | D        | Reached XP level 5. HP: 24/32 MP: 4/12
    18 | D        | Killed a neqoxec
    19 | D        | Reached skill level 5 in Stealth
    19 | D        | Reached skill level 8 in Fire Magic
    19 | D        | Reached XP level 6. HP: 27/37 MP: 4/15
    21 | D        | Gained mutation: You are weak. (Str -2) [a neqoxec]
    27 | D        | Slain by a neqoxec

Illustrated notes

Levels and vault maps discovered:
D:        the_violet_keep_of_menkaure [sprint2_stairs_cluster_1,
          sprint2_shoproom, sprint2_temple, sprint2_basic_supplies,
          sprint2_obstacle_2, sprint2_obstacle_6, sprint2_obstacle_3,
          sprint2_obstacle_7, sprint2_obstacle_4, sprint2_timed_cluster_1,
          sprint2_smallroom_cluster_1, sprint2_smallroom_final_cluster_1,
          sprint2_transparent_cluster_1, sprint2_second_timed_cluster_1,
          sprint2_sniper_area_1, sprint2_heavy_combat_area_1,
          sprint2_mutation_trap_area_1, sprint2_forest_area_1,
          sprint2_light_combat_area_1, sprint2_behind_water_1,
          sprint2_near_end_vault_1]

Skill      XL: |  1  2  3  4  5 |
---------------+----------------+-----
Dodging        | 3 4 |  4.2
Stealth        | 4 5 |  5.2
Spellcasting   | 5 6 |  6.2
Conjurations   | 4 |  4.9
Fire Magic     | 6 8 |  8.2
Fighting       | |  0.4

Action                     |  1- 3 |  4- 6 || total
---------------------------+-------+-------++-------
  Melee: Unarmed           |     6 |    11 ||    17
         Tentacles         |     3 |     2 ||     5
         Constrict         |     1 |     2 ||     3
    Use: Potion            |     3 |       ||     3
 Armour: Skin              |     1 |       ||     1
  Dodge: Dodged            |       |     1 ||     1

Table legend: (Time is in decaauts)
 A = Elapsed time spent in this place.
 B = Non-inter-level travel time spent in this place.
 C = Inter-level travel time spent in this place.
 D = Time resting spent in this place.
 E = Time spent auto-exploring this place.
 F = Levels seen in this place.
 G = Mean time per level.
                   A        B        C        D        E       F      G
               +--------+--------+--------+--------+--------+-----+--------+
         Total |     20 |     20 |      0 |      0 |      0 |   1 |   20.0 |
       Dungeon |     20 |     20 |      0 |      0 |      0 |   1 |   20.0 |
               +--------+--------+--------+--------+--------+-----+--------+

Top non-repeatable levels by time:
       D: 20 daAuts
